 Dungeon Crawl Stone Soup version 0.28.0 (webtiles) character file.

Game seed: 7562820558355384169

26 Sanktem7 the Skirmisher (level 2, 0/28 HPs)
             Began as a Minotaur Fighter on Feb 12, 2022.
             Slain by an adder (4 damage)
             ... on level 2 of the Dungeon.
             The game lasted 00:01:20 (1651 turns).

Sanktem7 the Skirmisher (Minotaur Fighter)          Turns: 1651, Time: 00:01:21

Health: 0/28       AC:  7    Str: 20    XL:     2   Next: 89%
Magic:  1/1        EV:  9    Int:  5    God:
Gold:   31         SH:  4    Dex:  9    Spells: 1/1 levels left

rFire   . . .      SeeInvis .   a - +0 war axe
rCold   . . .      Faith    .   c - +0 buckler
rNeg    . . .      Spirit   .   b - +0 scale mail
rPois   .          Reflect  .   (helmet restricted)
rElec   .          Harm     .   (no cloak)
rCorr   .          Rampage  .   (no gloves)
Will    .....                   (no boots)
Stlth   ..........              (no amulet)
HPRegen 0.09/turn               (no ring)
MPRegen 0.07/turn               (no ring)

@: no status effects
A: horns 2, retaliatory headbutt
a: no special abilities


You were on level 2 of the Dungeon.
You visited 1 branch of the dungeon, and saw 2 of its levels.

You collected 31 gold pieces.

Inventory:

Hand Weapons
 a - a +0 war axe (weapon)
Armour
 b - a +0 scale mail (worn)
 c - a +0 buckler (worn)
Scrolls
 e - a scroll of magic mapping {unknown}
 f - a scroll of blinking {unknown}
 g - 3 scrolls of identify {unknown}
 i - a scroll of fog {unknown}
Potions
 d - 2 potions of might
 h - a potion of degeneration {unknown}
 j - a potion of lignification {unknown}


   Skills:
 * Level 4.6 Fighting
 * Level 2.8 Axes
 * Level 3.9 Armour
 - Level 3.6 Shields


You had one spell level left.
You didn't know any spells.
Your spell library contained the following spells:

 Spells                   Type           Power      Damage    Failure   Level
 Ensorcelled Hibernation  Hex/Ice        0%         N/A       96%         2
 Ozocubu's Armour         Ice            0%         N/A       99%         3
 Teleport Other           Tloc           0%         N/A       99%         3
 Freezing Cloud           Conj/Ice/Air   0%         6-21      100%        5
 Summon Forest            Summ/Tloc      0%         N/A       100%        5


Dungeon Overview and Level Annotations

Branches:
Dungeon (2/15)

Altars:

Shops:
D:2 [


Innate Abilities, Weirdness & Mutations

You have a pair of horns on your head.
You reflexively headbutt those who attack you in melee.


Message History

There is a stone staircase leading up here.
j - a fuming amethyst potion An adder comes into view.
The adder hisses angrily.
There is a stone staircase leading down here.
An adder is nearby!
You closely miss the adder. The adder barely misses you. The adder bites you.
You miss the adder. The adder bites you but does no damage.
The adder bites you.
You are poisoned.
The adder poisons you!
You miss the adder.
You feel sick. You block the adder's attack. The adder closely misses you.
You barely miss the adder. Your headbutt misses the adder.
You feel sick. The adder bites you but does no damage.
The adder closely misses you.
You barely miss the adder. Your headbutt misses the adder.
You feel sick.
You are no longer poisoned.
The adder bites you but does no damage. The adder bites you.
You barely miss the adder. The adder bites you.
You are poisoned.
The adder poisons you! You block the adder's attack.
You barely miss the adder.
You feel very sick. The adder bites you but does no damage.
You barely miss the adder.
You feel sick. The adder bites you but does no damage.
You block the adder's attack.
You barely miss the adder. Your headbutt misses the adder.
You feel sick. The adder bites you but does no damage. The adder bites you.
* * * LOW HITPOINT WARNING * * *
You miss the adder.
You feel sick. You block the adder's attack. The adder closely misses you.
You furiously retaliate!
You headbutt the adder! You miss the adder.
The adder is almost dead.
You feel sick.
You are no longer poisoned.
The adder bites you but does no damage. You block the adder's attack.
You closely miss the adder. Your headbutt misses the adder.
The adder is almost dead.
The adder bites you.
You die...

#.##.##.###.#.....
#.##.##.....#.....
#.##......#.....#.
#.##..###.###...#. #############
#.##......###...#. ............#
#.#.....#.......## ###########.#
#.#.###.#####...# # #.# #S#.....#
#...# # #.####@##..### #...# #
#....>.##....# #...# #
#########..####...##.#####...## #
#.............................. #
#.#######...........)....###...
###.#######.........##.###.#####.
.<...........######.##.###.##....
###.########.# #.##....†...##.
#.# #.# #.######.......


You could see an adder.

Vanquished Creatures
  An endoplasm (D:1)
  2 giant cockroaches (D:2)
  3 goblins
  2 hobgoblins
  6 jackals (D:2)
  A quokka (D:2)
  A bat (D:2)
  A frilled lizard (D:1)
  3 kobolds
  2 rats
22 creatures vanquished.

Notes
Turn   | Place    | Note
-------+----------+-------------------------------------------
     0 | D:1      | Sanktem7 the Minotaur Fighter began the quest for the Orb.
     0 | D:1      | Reached XP level 1. HP: 19/19 MP: 0/0
   270 | D:1      | Reached skill level 4 in Fighting
   380 | D:1      | You fall into a shaft and drop 1 floor!
   478 | D:2      | Reached XP level 2. HP: 28/28 MP: 1/1
   622 | D:2      | Got Hizagump's Handbook of Quantum Snow
   624 | D:2      | Found Obeupt's Antique Armour Shop.
   721 | D:2      | Found a faded altar of an unknown god.
  1651 | D:2      | Slain by an adder

Illustrated notes

Levels and vault maps discovered:
D:1:      amcnicky_arrival_choice, layout_loops_corners, serial_rivers,
          chequers_serial_rivers_small_3, chequers_serial_rivers_large_b,
          chequers_serial_rivers_large_a, chequers_serial_rivers_small_b,
          skrybe_limestone_x
D:2:      layout_loops_ring, nicolae_ecumenical_pavilion, serial_shops,
          nicolae_shop_behind_doors, minmay_misc_feat_columns

Skill      XL: |  1 |
---------------+----+-----
Fighting       | 4 |  4.6
Axes           | |  2.8
Armour         | |  3.9
Shields        | |  3.6

Action                   || total
-------------------------++-------
Melee: War axe           ||    43
       Headbutt          ||     6
Armor: Scale mail        ||    32
Dodge: Dodged            ||    32
Block: Buckler           ||    14
